 Dungeon Crawl Stone Soup version 0.24-a0-422-g9eff3895ba (webtiles) character file.

Game seed: 5081139964850340033

7 Gumption the Sneak (level 2, 0/21 HPs)
             Began as a Human Wanderer on June 12, 2019.
             Succumbed to a kobold's poison
             ... on level 1 of the Dungeon.
             The game lasted 00:02:54 (335 turns).

Gumption the Sneak (Human Wanderer)                  Turns: 335, Time: 00:02:55

Health: 0/21       AC:  2    Str: 10    XL:     2   Next: 5%
Magic:  5/5        EV: 12    Int: 10    God:
Gold:   17         SH:  0    Dex: 16    Spells: 5/5 levels left

rFire    . . .     SeeInvis .   a - +0 dagger
rCold    . . .     Gourm    .   (no shield)
rNeg     . . .     Faith    .   d - +0 robe
rPois    .         Spirit   .   (no helmet)
rElec    .         Reflect  .   (no cloak)
rCorr    .         Harm     .   (no gloves)
MR       .....                  (no boots)
Stlth    ++........             (no amulet)
HPRegen  0.07/turn              (no ring)
MPRegen  0.09/turn              (no ring)

@: lethally poisoned (0 -> -23)
A: no striking features
a: no special abilities


You were on level 1 of the Dungeon.
You were not hungry.

You visited 1 branch of the dungeon, and saw 1 of its levels.

You collected 17 gold pieces.

Inventory:

Hand Weapons
 a - a +0 dagger (weapon)
 h - a +1 dagger of venom
Armour
 d - a +0 robe (worn)
Scrolls
 b - a scroll of remove curse {unknown}
 c - a scroll of teleportation
Potions
 f - a potion of might {unknown}
Comestibles
 e - 2 rations
 g - 2 chunks of flesh


   Skills:
 * Level 1.4 Fighting
 * Level 0.8 Dodging
 + Level 2.1 Stealth
   Level 1.0 Shields
 - Level 2.0 Unarmed Combat
 - Level 2.0 Spellcasting
   Level 1.0 Air Magic
   Level 1.0 Evocations


You had 5 spell levels left.
You didn't know any spells.
Your spell library contained the following spells:

 Spells                   Type           Power        Failure   Level  Hunger
 Freeze                   Ice            #...         30%         1    ##.....
 Magic Dart               Conj           #...         30%         1    ##.....
 Blink                    Tloc           N/A          43%         2    ###....
 Call Imp                 Summ           #.......     43%         2    ###....
 Slow                     Hex            #.......     43%         2    ###....
 Mephitic Cloud           Conj/Pois/Air  #.......     63%         3    ####...
 Conjure Flame            Conj/Fire      #.......     67%         3    ####...
 Ozocubu's Armour         Chrm/Ice       #.......     67%         3    ####...


Dungeon Overview and Level Annotations

Branches:
Dungeon (1/15)

Altars:


Message History

The kobold is severely wounded.
You feel sick.
The kobold hits you with a +1 dagger of venom.
You are more poisoned.
You hit the kobold.
You kill the kobold!
* * * LOW HITPOINT WARNING * * *
You feel sick.
* * * LOW HITPOINT WARNING * * *
You feel sick.
Things that are here:
a +1 dagger of venom; a kobold corpse Drop what? 7/52 slots (_ for help) (? for menu, Esc to quit)
Okay, then.
h - a +1 dagger of venom
* * * LOW HITPOINT WARNING * * *
You feel sick.
* * * LOW HITPOINT WARNING * * *
You feel sick.
You die...

##### #... #...## ....
+...+. #... #...#. #...
#...#.############ #....
#...#.............
#.#..###...##..#.........
#.⌠....#.......#..#######
#[.†.@...##.##.#.....#
####..#.###..........#
#..#.# #..#####...#
#..... #..#..<#...#
..##...#..#.#.....#
##.##...#..#.#####.#
.......#..#.....#.#
#......#..#...#>..#
#......#..#...#####


There were no monsters in sight!

Vanquished Creatures
  A dart slug (D:1)
  A bat (D:1)
  2 kobolds (D:1)
  A frilled lizard (D:1)
5 creatures vanquished.

Notes
Turn   | Place    | Note
-------+----------+-------------------------------------------
     0 | D:1      | Gumption the Human Wanderer began the quest for the Orb.
     0 | D:1      | Gumption set off with the following items: a +0 dagger, a
                  | scroll of teleportation, a +0 robe, a ration; and the
                  | following spells available to memorise: Freeze, Magic Dart,
                  | Blink, Call Imp, Slow, Mephitic Cloud, Conjure Flame,
                  | Ozocubu's Armour
     0 | D:1      | Reached XP level 1. HP: 15/15 MP: 3/3
   322 | D:1      | Reached XP level 2. HP: 21/21 MP: 5/5
   335 | D:1      | Succumbed to a kobold's poison

Levels and vault maps discovered:
D:1:      ebering_trefoil_twist, layout_basic, chequers_mini_garden,
          evilmike_ruin_ashenzari

Action                   || total
-------------------------++-------
Melee: Dagger            ||    18
 Stab: Sleeping          ||     2
Armor: Robe              ||     1
Dodge: Dodged            ||     5

Table legend:
 A = Non-vault XP
 B = Vault XP
 C = Vault XP percentage of total XP
 D = Non-vault monster count
 E = Vault monster count
 F = Vault count percentage of total count
                 A         B        C        D         E       F
            +---------+---------+-------+---------+---------+-------
      Total |      10 |       0 |   0.0 |       5 |       0 |   0.0
            +---------+---------+-------+---------+---------+-------
        D:1 |      10 |       0 |   0.0 |       5 |       0 |   0.0
            +---------+---------+-------+---------+---------+-------
